2962 views
Uploaded 2019-12-01 21:26:16
Game version 1.32.0.3 / 1.32.0.3.1
8:50 long 4on4 ladder game on (8)MarketSquare
Saved by iggythefisk
2962 views
Uploaded 2019-12-01 21:26:16
Game version 1.32.0.3 / 1.32.0.3.1
8:50 long 4on4 ladder game on (8)MarketSquare


65 units @ 4.6k
/ 0k
77 buildings @ 6.8k
/ 3k


| Peasant | 15 | 1125 | / | 0 |
| Priest | 1 | 135 | / | 10 |
| total: | 16 | 1260g | / | 10w |
| Scout Tower | 17 | 510 | / | 340 |
| Arcane Tower | 4 | 280 | / | 200 |
| Guard Tower | 11 | 770 | / | 550 |
| Lumber Mill | 1 | 120 | / | 0 |
| Farm | 3 | 240 | / | 60 |
| Altar of Kings | 1 | 180 | / | 50 |
| Arcane Vault | 3 | 390 | / | 90 |
| Arcane Sanctum | 1 | 150 | / | 140 |
| Keep | 1 | 320 | / | 210 |
| Castle | 1 | 360 | / | 210 |
| total: | 26 | 1590g | / | 680w |
| 0:02 | Peasant |
| 0:05 | Lumber Mill |
| 0:17 | Peasant |
| 0:18 | Farm |
| 0:22 | Peasant |
| 0:30 | Peasant |
| 0:47 | Farm |
| 0:49 | Peasant |
| 1:04 | Altar of Kings |
| 1:10 | Improved Masonry |
| 1:17 | Scout Tower |
| 1:18 | Scout Tower |
| 1:19 | Peasant |
| 1:19 | Peasant |
| 1:27 | Scout Tower |
| 1:35 | Farm |
| 1:37 | Peasant |
| 1:41 | Peasant |
| 1:45 | Scout Tower |
| 1:47 | Scout Tower |
| 1:53 | Arcane Tower |
| 1:56 | Peasant |
| 2:07 | Scout Tower |
| 2:09 | Guard Tower |
| 2:17 | Arcane Tower |
| 2:26 | Breath of Fire |
| 2:33 | Scout Tower |
| 2:34 | Guard Tower |
| 2:36 | Peasant |
| 2:36 | Peasant |
| 2:39 | Peasant |
| 2:39 | Guard Tower |
| 2:41 | Scout Tower |
| 2:42 | Scout Tower |
| 2:43 | Scout Tower |
| 2:50 | Scout Tower |
| 3:07 | Scout Tower |
| 3:08 | Guard Tower |
| 3:13 | Peasant |
| 3:15 | Guard Tower |
| 3:19 | Scout Tower |
| 3:24 | Arcane Tower |
| 3:32 | Peasant |
| 3:49 | Guard Tower |
| 3:51 | Guard Tower |
| 3:56 | Keep |
| 4:17 | Scout Tower |
| 4:46 | Guard Tower |
| 4:47 | Scout Tower |
| 4:49 | Guard Tower |
| 4:51 | Arcane Vault |
| 5:05 | Arcane Vault |
| 5:31 | Scout Tower |
| 6:36 | Frost Arrows |
| 6:47 | Guard Tower |
| 6:48 | Castle |
| 6:49 | Guard Tower |
| 6:51 | Arcane Sanctum |
| 7:12 | Drunken Brawler |
| 8:02 | Scout Tower |
| 8:12 | Magic Sentry |
| 8:13 | Priest Adept Training |
| 8:13 | Priest |
| 8:15 | Arcane Vault |
| 8:36 | Arcane Tower |
| Right click | 387 |
| Assign group | 204 |
| Select group | 169 |
| Select | 108 |
| Build/train/purchase | 52 |
| Use ability | 13 |
| Misc. action | 12 |
| Chat | 4 |


| Healing Salve | 1 | 100 |
| Lesser Clarity Potion | 2 | 140 |
| Boots of Speed | 1 | 250 |
| Staff of Teleportation | 3 | 450 |
| total: | 7 | 940g |
| Peon | 10 | 750 | / | 0 |
| total: | 10 | 750g | / | 0w |
| Watch Tower | 12 | 1320 | / | 960 |
| Altar of Storms | 1 | 180 | / | 50 |
| Orc Burrow | 3 | 480 | / | 120 |
| War Mill | 1 | 205 | / | 0 |
| Voodoo Lounge | 2 | 260 | / | 60 |
| Stronghold | 1 | 315 | / | 190 |
| Fortress | 1 | 325 | / | 190 |
| total: | 19 | 2445g | / | 1190w |
| 0:03 | Peon |
| 0:03 | Peon |
| 0:06 | Altar of Storms |
| 0:13 | Peon |
| 0:19 | Orc Burrow |
| 0:25 | War Mill |
| 0:44 | Peon |
| 0:53 | Peon |
| 1:04 | Voodoo Lounge |
| 1:08 | Peon |
| 1:18 | Peon |
| 1:30 | Peon |
| 1:47 | Watch Tower |
| 1:52 | Peon |
| 1:59 | Peon |
| 2:07 | Wind Walk |
| 2:13 | Watch Tower |
| 2:14 | Watch Tower |
| 2:35 | Watch Tower |
| 3:08 | Watch Tower |
| 3:18 | Stronghold |
| 3:27 | Orc Burrow |
| 3:35 | Healing Salve |
| 3:55 | Boots of Speed |
| 3:56 | Staff of Teleportation |
| 3:59 | Staff of Teleportation |
| 3:59 | Staff of Teleportation |
| 4:14 | Watch Tower |
| 4:51 | Watch Tower |
| 5:32 | Orc Burrow |
| 5:36 | Watch Tower |
| 5:39 | Watch Tower |
| 6:28 | Watch Tower |
| 6:46 | Fortress |
| 6:55 | Lesser Clarity Potion |
| 6:58 | Lesser Clarity Potion |
| 7:38 | Watch Tower |
| 7:43 | Watch Tower |
| 7:52 | Critical Strike |
| 7:55 | Shockwave |
| 7:59 | Voodoo Lounge |
| Right click | 525 |
| Select | 137 |
| Build/train/purchase | 41 |
| Chat | 29 |
| Select group | 10 |
| Use ability | 9 |
| Assign group | 4 |

| Wisp | 25 | 1500 | / | 0 |
| total: | 25 | 1500g | / | 0w |
| Altar of Elders | 1 | 180 | / | 50 |
| Moon Well | 2 | 360 | / | 80 |
| Tree of Life | 1 | 340 | / | 185 |
| Hunter's Hall | 1 | 210 | / | 100 |
| Tree of Ages | 1 | 320 | / | 180 |
| total: | 5 | 1090g | / | 415w |
| 0:03 | Wisp |
| 0:04 | Wisp |
| 0:05 | Altar of Elders |
| 0:09 | Wisp |
| 0:22 | Moon Well |
| 0:31 | Wisp |
| 1:01 | Moon Well |
| 1:04 | Wisp |
| 1:20 | Wisp |
| 1:20 | Wisp |
| 1:34 | Wisp |
| 1:54 | Wisp |
| 2:05 | Wisp |
| 2:05 | Wisp |
| 2:11 | Shadow Strike |
| 2:18 | Wisp |
| 2:34 | Wisp |
| 3:08 | Wisp |
| 3:08 | Wisp |
| 3:33 | Wisp |
| 3:49 | Wisp |
| 3:49 | Wisp |
| 3:56 | Tree of Life |
| 5:17 | Blink |
| 5:41 | Tree of Ages |
| 6:13 | Wisp |
| 6:13 | Wisp |
| 6:13 | Wisp |
| 6:13 | Wisp |
| 6:13 | Wisp |
| 7:34 | Hunter's Hall |
| 7:40 | Wisp |
| 7:40 | Wisp |
| 8:02 | Nature's Blessing |
| Right click | 446 |
| Resource trade | 93 |
| Select | 91 |
| Select group | 69 |
| Build/train/purchase | 34 |
| Chat | 12 |
| Use ability | 9 |
| Misc. action | 6 |
| Assign group | 1 |
| Minimap ping | 1 |


| Boots of Speed | 2 | 500 |
| Staff of Teleportation | 2 | 300 |
| total: | 4 | 800g |
| Peasant | 14 | 1050 | / | 0 |
| total: | 14 | 1050g | / | 0w |
| Scout Tower | 17 | 510 | / | 340 |
| Arcane Tower | 3 | 210 | / | 150 |
| Guard Tower | 6 | 420 | / | 300 |
| Altar of Kings | 1 | 180 | / | 50 |
| Farm | 4 | 320 | / | 80 |
| Lumber Mill | 1 | 120 | / | 0 |
| Arcane Vault | 3 | 390 | / | 90 |
| Arcane Sanctum | 1 | 150 | / | 140 |
| Keep | 2 | 640 | / | 420 |
| Castle | 1 | 360 | / | 210 |
| total: | 27 | 1670g | / | 700w |
| 0:04 | Peasant |
| 0:04 | Peasant |
| 0:07 | Altar of Kings |
| 0:17 | Farm |
| 0:33 | Peasant |
| 0:56 | Peasant |
| 0:58 | Scout Tower |
| 0:59 | Scout Tower |
| 1:01 | Peasant |
| 1:01 | Peasant |
| 1:06 | Farm |
| 1:12 | Lumber Mill |
| 1:26 | Arcane Tower |
| 1:29 | Peasant |
| 1:29 | Peasant |
| 1:44 | Peasant |
| 1:47 | Scout Tower |
| 2:08 | Peasant |
| 2:09 | Peasant |
| 2:11 | Scout Tower |
| 2:15 | Guard Tower |
| 2:25 | Summon Water Elemental |
| 2:33 | Peasant |
| 2:34 | Peasant |
| 2:55 | Guard Tower |
| 2:56 | Scout Tower |
| 3:21 | Peasant |
| 3:58 | Keep |
| 4:03 | Farm |
| 4:04 | Farm |
| 4:08 | Scout Tower |
| 4:09 | Scout Tower |
| 4:11 | Scout Tower |
| 4:12 | Scout Tower |
| 4:12 | Scout Tower |
| 4:13 | Scout Tower |
| 5:17 | Brilliance Aura |
| 5:23 | Guard Tower |
| 5:25 | Arcane Tower |
| 5:26 | Guard Tower |
| 5:29 | Guard Tower |
| 5:31 | Scout Tower |
| 5:32 | Scout Tower |
| 5:33 | Scout Tower |
| 5:35 | Scout Tower |
| 5:37 | Scout Tower |
| 5:38 | Scout Tower |
| 5:39 | Boots of Speed |
| 5:47 | Staff of Teleportation |
| 6:04 | Improved Masonry |
| 6:23 | Castle |
| 6:35 | Guard Tower |
| 6:45 | Arcane Sanctum |
| 6:49 | Arcane Vault |
| 6:50 | Arcane Vault |
| 6:52 | Arcane Vault |
| 7:23 | Storm Bolt |
| 7:37 | Boots of Speed |
| 7:37 | Staff of Teleportation |
| 8:02 | Advanced Masonry |
| 8:04 | Magic Sentry |
| Right click | 392 |
| Select group | 164 |
| Select | 93 |
| Chat | 76 |
| Build/train/purchase | 59 |
| Misc. action | 17 |
| Use ability | 12 |
| Minimap ping | 8 |
| Assign group | 6 |
| Item give/drop | 3 |
54 units @ 6.3k
/ 0.1k
28 buildings @ 4.7k
/ 1.3k

| Healing Salve | 1 | 100 |
| total: | 1 | 100g |
| Peon | 9 | 675 | / | 0 |
| Grunt | 5 | 1000 | / | 0 |
| Wind Rider | 2 | 530 | / | 80 |
| total: | 16 | 2205g | / | 80w |
| Altar of Storms | 1 | 180 | / | 50 |
| Orc Burrow | 4 | 640 | / | 160 |
| Barracks | 1 | 180 | / | 50 |
| Voodoo Lounge | 1 | 130 | / | 30 |
| War Mill | 1 | 205 | / | 0 |
| Beastiary | 2 | 290 | / | 280 |
| Stronghold | 1 | 315 | / | 190 |
| Fortress | 1 | 325 | / | 190 |
| total: | 10 | 1625g | / | 570w |
| 0:07 | Altar of Storms |
| 0:08 | Peon |
| 0:08 | Peon |
| 0:08 | Peon |
| 0:09 | Peon |
| 0:31 | Orc Burrow |
| 0:50 | Barracks |
| 1:41 | Orc Burrow |
| 1:54 | Grunt |
| 1:54 | Grunt |
| 2:10 | Grunt |
| 2:20 | Wind Walk |
| 2:35 | Orc Burrow |
| 3:01 | Voodoo Lounge |
| 3:22 | Grunt |
| 3:32 | Peon |
| 3:32 | Peon |
| 4:01 | War Mill |
| 4:06 | Stronghold |
| 4:14 | Critical Strike |
| 4:25 | Grunt |
| 4:38 | Healing Salve |
| 5:06 | Orc Burrow |
| 6:12 | Steel Ranged Weapons |
| 6:13 | Steel Armor |
| 6:35 | Beastiary |
| 6:42 | Peon |
| 6:42 | Peon |
| 6:42 | Peon |
| 6:52 | Wind Walk |
| 7:17 | Shadow Strike |
| 7:36 | Beastiary |
| 7:47 | Wind Rider |
| 7:48 | Wind Rider |
| 7:55 | Fortress |
| Right click | 129 |
| Select | 93 |
| Chat | 48 |
| Build/train/purchase | 26 |
| Select group | 12 |
| Assign group | 8 |
| Use ability | 3 |

| Healing Salve | 1 | 100 |
| total: | 1 | 100g |
| Peon | 6 | 450 | / | 0 |
| Grunt | 5 | 1000 | / | 0 |
| total: | 11 | 1450g | / | 0w |
| Altar of Storms | 1 | 180 | / | 50 |
| Orc Burrow | 3 | 480 | / | 120 |
| Barracks | 1 | 180 | / | 50 |
| Voodoo Lounge | 1 | 130 | / | 30 |
| War Mill | 1 | 205 | / | 0 |
| Stronghold | 1 | 315 | / | 190 |
| total: | 7 | 1175g | / | 250w |
| 0:04 | Peon |
| 0:04 | Peon |
| 0:17 | Altar of Storms |
| 0:27 | Orc Burrow |
| 0:31 | Peon |
| 0:39 | Barracks |
| 0:45 | Peon |
| 0:56 | Peon |
| 1:46 | Orc Burrow |
| 1:50 | Grunt |
| 1:57 | Grunt |
| 2:12 | Voodoo Lounge |
| 2:28 | Feral Spirit |
| 2:43 | War Mill |
| 3:00 | Grunt |
| 3:49 | Grunt |
| 3:52 | Healing Salve |
| 3:54 | Stronghold |
| 4:45 | Chain Lighting |
| 5:04 | Orc Burrow |
| 5:05 | Steel Melee Weapons |
| 5:09 | Grunt |
| 5:37 | Peon |
| 5:39 | Berserker Strength |
| Select | 77 |
| Right click | 52 |
| Select group | 27 |
| Misc. action | 23 |
| Build/train/purchase | 21 |
| Assign group | 6 |
| Use ability | 1 |

| Healing Salve | 2 | 200 |
| total: | 2 | 200g |
| Peon | 6 | 450 | / | 0 |
| Grunt | 4 | 800 | / | 0 |
| total: | 10 | 1250g | / | 0w |
| Altar of Storms | 1 | 180 | / | 50 |
| Orc Burrow | 3 | 480 | / | 120 |
| Barracks | 1 | 180 | / | 50 |
| Voodoo Lounge | 1 | 130 | / | 30 |
| War Mill | 1 | 205 | / | 0 |
| Stronghold | 1 | 315 | / | 190 |
| total: | 7 | 1175g | / | 250w |
| 0:04 | Peon |
| 0:04 | Peon |
| 0:08 | Altar of Storms |
| 0:21 | Orc Burrow |
| 0:35 | Barracks |
| 0:36 | Peon |
| 0:50 | Peon |
| 1:05 | Peon |
| 1:17 | Peon |
| 1:32 | Orc Burrow |
| 1:38 | Grunt |
| 1:58 | Grunt |
| 2:12 | Voodoo Lounge |
| 2:43 | Chemical Rage |
| 2:49 | Grunt |
| 2:53 | Stronghold |
| 3:04 | Grunt |
| 3:31 | War Mill |
| 3:44 | Healing Salve |
| 3:58 | Orc Burrow |
| 4:49 | Healing Salve |
| Right click | 394 |
| Select group | 106 |
| Select | 78 |
| Build/train/purchase | 22 |
| Minimap ping | 14 |
| Use ability | 6 |
| Assign group | 5 |
| Misc. action | 3 |
| Esc | 1 |

| Wisp | 11 | 660 | / | 0 |
| Archer | 6 | 780 | / | 60 |
| total: | 17 | 1440g | / | 60w |
| Altar of Elders | 1 | 180 | / | 50 |
| Moon Well | 2 | 360 | / | 80 |
| Ancient of War | 1 | 150 | / | 60 |
| total: | 4 | 690g | / | 190w |
| 0:03 | Wisp |
| 0:04 | Wisp |
| 0:23 | Altar of Elders |
| 0:29 | Wisp |
| 0:38 | Moon Well |
| 0:44 | Wisp |
| 0:48 | Wisp |
| 1:05 | Wisp |
| 1:15 | Ancient of War |
| 1:37 | Wisp |
| 2:04 | Wisp |
| 2:05 | Wisp |
| 2:28 | Fan of Knives |
| 2:33 | Archer |
| 3:08 | Archer |
| 3:16 | Moon Well |
| 4:41 | Archer |
| 4:41 | Archer |
| 4:43 | Wisp |
| 4:44 | Wisp |
| 5:02 | Archer |
| 5:40 | Archer |
| Select | 69 |
| Right click | 67 |
| Select group | 60 |
| Misc. action | 36 |
| Build/train/purchase | 22 |
| Assign group | 7 |
⇛